 Dungeon Crawl Stone Soup version 0.29-a0-241-g20d21d4356 (webtiles) character file.

Game seed: 15139614612229678647

64 Ordine the Cudgeller (level 4, 0/40 HPs)
             Began as a Tengu Warper on Mar 4, 2022.
             Slain by Sigmund
             ... wielding a +4 scythe of protection
              (4 damage)
             ... on level 2 of the Dungeon.
             The game lasted 00:04:03 (1538 turns).

Ordine the Cudgeller (Tengu Warper)                 Turns: 1538, Time: 00:04:03

Health: 0/40       AC: 22    Str: 14    XL:     4   Next: 12%
Magic:  0/8        EV:  2    Int: 13    God:
Gold:   53         SH:  0    Dex: 13    Spells: 7/7 levels left

rFire   . . .      SeeInvis .   a - +0 mace
rCold   . . .      Faith    .   (no shield)
rNeg    . . .      Spirit   +   (body armour currently unavailable)
rPois   +          Reflect  .   (helmet currently unavailable)
rElec   .          Harm     .   (cloak currently unavailable)
rCorr   .          Rampage  .   (gloves currently unavailable)
Will    .....      NoTele   +   (boots unavailable)
Stlth   +.........              e - amulet of guardian spirit
HPRegen 0.13/turn               (no ring)
MPRegen 0.11/turn               (no ring)

@: tree-form (expiring), hasted, very quick
A: stationary, stasis, torment immunity, boosted hp, (beak), (talons 3)
a: no special abilities


You were on level 2 of the Dungeon.
You were a tree.
You visited 1 branch of the dungeon, and saw 2 of its levels.

You collected 53 gold pieces.

Inventory:

Hand Weapons
 a - a +0 mace (weapon)
Armour
 b - a +0 leather armour (melded)
Jewellery
 e - an amulet of guardian spirit (around neck)
Scrolls
 c - a scroll of blinking
 f - 5 scrolls of identify {unknown}
 g - a scroll of teleportation {unknown}
 h - a scroll of magic mapping {unknown}
 k - a scroll of amnesia {unknown}
 m - 3 scrolls of enchant armour {unknown}


   Skills:
 + Level 2.7 Fighting
 * Level 3.6 Maces & Flails
 + Level 2.0 Throwing
 - Level 1.1 Armour
 - Level 2.1 Dodging
 - Level 2.0 Spellcasting
 - Level 2.4 Translocations


You had 7 spell levels left.
You didn't know any spells.
Your spell library contained the following spells:

 Spells                   Type           Power      Damage    Failure   Level
 Blink                    Tloc           14%        N/A       14%         2
 Gell's Gravitas          Tloc           7%         N/A       28%         3
 Lesser Beckoning         Tloc           7%         N/A       28%         3
 Teleport Other           Tloc           7%         N/A       28%         3
 Stone Arrow              Conj/Erth      2%         3d7       58%         3
 Animate Armour           Summ/Erth      2%         N/A       94%         4
 Manifold Assault         Tloc           7%         N/A       95%         5
 Lehudib's Crystal Spear  Conj/Erth      0%         10d2      100%        8


Dungeon Overview and Level Annotations

Branches:
Dungeon (2/15)

Altars:

Shops:
D:1 =(

Annotations:
D:2 Sigmund


Innate Abilities, Weirdness & Mutations

You are a tree.
Your roots penetrate the ground, keeping you stationary.
You cannot be teleported.
You are immune to unholy pain and torment.
Your maximum health is greatly increased.
Your equipment is partially melded.
((You have a beak for a mouth.))
((You have claws for feet.))


Message History

Press: ? - help, Q - select action Dir - look around, f - activate
Okay, then.
You throw a boomerang of dispersal.
Non-targeted confused throw: 3 boomerangs (disperse)
Press: ? - help, Dir - look around, f - activate Look: Sigmund, wielding a +4 scythe of protection, wearing a +0 robe and carrying a wand of flame (22)
You throw a boomerang of dispersal. Sigmund hits you but does no damage.
Sigmund zaps a wand.
The puff of flame hits you!
* * * LOW HITPOINT WARNING * * *
Sigmund zaps a wand.
The puff of flame hits you but does no damage.
You feel less confused.
You are too injured to fight recklessly!
You are too injured to fight recklessly!
You are too injured to fight recklessly!
Throw: 2 boomerangs (disperse)
Press: ? - help, Q - select action Shift-Dir - straight line, f/p - Sigmund
Aim: Sigmund, wielding a +4 scythe of protection, wearing a +0 robe and carrying a wand of flame (20) (55% to hit)
You throw a boomerang of dispersal.
The boomerang of dispersal closely misses Sigmund.
Sigmund mumbles some strange words.
Sigmund flickers and vanishes!
Deactivating autopickup; reactivate with Ctrl-A.
Throw: boomerang (disperse)
Press: ? - help, Q - select action Shift-Dir - straight line, f - you
Okay, then.
Throw: boomerang (disperse)
Press: ? - help, Shift-Dir - straight line You throw a boomerang of dispersal.
You start resting.
A puff of flame appears from out of thin air!
The puff of flame hits you!
* * * LOW HITPOINT WARNING * * *
Your transformation is almost over.
Something hits you.
* * * LOW HITPOINT WARNING * * *
Something hits you but does no damage. Something hits you.
You die...

#.#####.#.......
#.............#.#...
#..#####......#.#..# #
.. #.#.####....# .#
#.#.#.#.# #....# ..#
#.....†.####....#...+
...............{......#
.##.#.................#
#............♣.......
###########...).##.#.
#........# #$.......#
#####....# ...<..#
#.#.#.# ....#... ####
.$


There were no monsters in sight!

Vanquished Creatures
  An adder (D:2)
  2 dart slugs (D:1)
  3 ball pythons (D:1)
  3 endoplasms
  A giant cockroach (D:2)
  5 goblins
  4 hobgoblins
  6 jackals (D:1)
  A quokka (D:1)
  7 bats (D:1)
  2 frilled lizards
  4 kobolds
  7 rats
46 creatures vanquished.

Notes
Turn   | Place    | Note
-------+----------+-------------------------------------------
     0 | D:1      | Ordine the Tengu Warper began the quest for the Orb.
     0 | D:1      | Reached XP level 1. HP: 12/12 MP: 4/4
   113 | D:1      | Reached XP level 2. HP: 17/17 MP: 6/6
   361 | D:1      | Reached skill level 3 in Maces & Flails
   419 | D:1      | Reached XP level 3. HP: 22/22 MP: 7/7
   626 | D:1      | Found Kov Otz's Jewellery Emporium.
   644 | D:1      | Found Kusk's Antique Weapon Shop.
  1238 | D:2      | Reached XP level 4. HP: 18/27 MP: 6/8
  1502 | D:2      | Noticed Sigmund
  1538 | D:2      | Slain by Sigmund

Illustrated notes

Levels and vault maps discovered:
D:1:      dpeg_arrival_subterranean_lakeside_camping, layout_loops_ring,
          serial_shops, nicolae_shop_crystal, shop,
          nicolae_concentric_dashed_squares_mild
D:2:      layout_basic, shapermc_ecumenical_altar_starsandcircs,
          hangedman_feature_mirror, uniq_jessica, uniq_sigmund, uniq_robin

Skill      XL: |  1  2  3  4 |
---------------+-------------+-----
Maces & Flails | 3 |  3.6
Throwing       | 2 |  2.0
Fighting       | |  2.7
Armour         | |  1.1
Dodging        | |  2.1
Spellcasting   | |  2.0
Translocations | |  2.4

Action                   |  1- 3 |  4- 6 || total
-------------------------+-------+-------++-------
Melee: Mace              |   106 |    16 ||   122
       Kick              |    20 |     4 ||    24
       Peck              |    14 |     3 ||    17
Throw: Boomerang         |       |     5 ||     5
  Use: Potion            |       |     3 ||     3
Armor: Leather armour    |    39 |     7 ||    46
       Skin              |       |     9 ||     9
Dodge: Dodged            |    95 |    17 ||   112

Table legend: (Time is in decaauts)
 A = Elapsed time spent in this place.
 B = Non-inter-level travel time spent in this place.
 C = Inter-level travel time spent in this place.
 D = Time resting spent in this place.
 E = Time spent auto-exploring this place.
 F = Levels seen in this place.
 G = Mean time per level.
                   A        B        C        D        E       F      G
               +--------+--------+--------+--------+--------+-----+--------+
         Total |   1561 |   1536 |     25 |      1 |   1223 |   2 |  780.5 |
       Dungeon |   1561 |   1536 |     25 |      1 |   1223 |   2 |  780.5 |
               +--------+--------+--------+--------+--------+-----+--------+

Top non-repeatable levels by time:
     D:1: 1240 daAuts
     D:2: 320 daAuts
